AoeStats
← Green Assassin

Arabia

508319691Analyzed
4v4 RM · 9d ago on Sep 21, 2026· 25m 38s· 8 players
Game mode
Random Map
Map size
Large (8 player)
Population
200
Speed
Normal
Resources
Standard
Victory
Conquest
Starting age
Dark Age
Ending age
Imperial Age
RankedLock teamsTeams togetherTeam positionsShared explorationLock speedFull tech treeHidden civsTurbo modeCheats
Victory
Defeat
🇦🇷 Muisca · Argentina
1185
+15
🇦🇷 Magyars · Argentina
1185
+15
🇨🇴 Franks · Colombia
1054
+20
🇦🇷 Spanish · Argentina
1050
+22
🇬🇧 Vietnamese · United Kingdom
1182
-19
🇩🇪 Georgians · Germany
1179
-19
🇬🇧 Malay · United Kingdom
1164
-18
🇩🇪 Inca · Germany
1117
-16
CryZon
9:34 Feudal Age
8:55 Loom
16:45 Padded Archer Armor
16:35 Fletching
27:36 Castle Age
_IZJ90
10:15 Feudal Age
11:45 Double-Bit Axe
11:50 Horse Collar
15:06 Gold Mining
17:13 Loom
20:59 Castle Age
19:04 Stone Mining
20:46 Scale Barding Armor
20:51 Forging
21:27 Gold Shaft Mining
21:20 Husbandry
23:09 Bow Saw
23:27 Heavy Plow
Bo0MBaStiC
2:23 Loom
6:39 Loom
9:45 Feudal Age
11:07 Double-Bit Axe
12:08 Horse Collar
21:20 Castle Age
20:20 Scale Mail Armor
20:57 Forging
21:00 Gold Mining
23:09 Bow Saw
Green Assassin
0:27 Loom
10:47 Feudal Age
RatZakk
8:31 Loom
10:45 Feudal Age
16:11 Double-Bit Axe
17:24 Forging
21:36 Castle Age
20:09 Scale Barding Armor
23:24 Husbandry
lautygonzalez89
7:32 Loom
9:42 Feudal Age
10:42 Double-Bit Axe
10:48 Horse Collar
14:17 Scale Barding Armor
15:47 Forging
17:38 Wheelbarrow
18:50 Bloodlines
24:08 Castle Age
24:54 Husbandry
Pelado
6:36 Loom
9:37 Feudal Age
10:13 Double-Bit Axe
10:09 Horse Collar
16:37 Wheelbarrow
20:31 Castle Age
18:52 Fletching
19:20 Padded Archer Armor
19:44 Gold Mining
21:34 Bow Saw
21:20 Bodkin Arrow
21:34 Heavy Plow
el pichichi
7:27 Loom
10:09 Feudal Age
10:52 Double-Bit Axe
12:56 Horse Collar
13:53 Fletching
19:27 Gold Mining
23:56 Castle Age
24:15 Crossbowman
24:52 Bodkin Arrow
24:57 Padded Archer Armor
25:29 Heavy Plow
25:43 Bow Saw
Connection lost

Rejoining the realm…

Still unreachable

The connection could not be restored.

Session expired

The server has moved on; the page needs a fresh start.